Map: Terraform LE (Void)

Players

SirWaffle - Winner!

  • Race: Protoss Protoss
  • League: Bronze

wabbajack

  • Race: Zerg Zerg
  • League: Gold

VOD

Have the link to the VOD?

Description

Time

  • Played on: July 17, 2015, 6:38 p.m.
  • Length: 9:16
Show
View Real Time Build Order
Export as new Build Order

SirWaffle Protoss - Winner!

Build Orders: Double Forge 

Get SALT Encoding   

  12  0:01  Probe  
  13  0:14  Pylon  
  13  0:18  Probe  
  14  0:32  Probe (Chrono Boost)  
  15  0:42  Probe (Chrono Boost)  
  16  0:49  Probe  
  17  0:56  Gateway  
  17  0:59  Pylon  
  17  1:02  Probe, Assimilator  
  18  1:14  Probe (Chrono Boost)  
  19  1:23  Assimilator  
  19  1:25  Probe (Chrono Boost)  
  20  1:27  Pylon  
  20  1:31  Probe (Chrono Boost)  
  21  1:43  Probe  
  22  1:51  Nexus  
  22  2:01  Cybernetics Core  
  22  2:04  Probe  
  23  2:16  Probe  
  24  2:23  Gateway  
  24  2:29  Probe  
  25  2:34  Warp Gate (Chrono Boost)  
  25  2:41  Pylon  
  25  2:45  Mothership Core  
  25  2:46  Sentry  
  29  2:54  Gateway  
  29  3:00  Gateway  
  29  3:04  Probe  
  30  3:12  Zealot  
  32  3:19  Probe (Chrono Boost)  
  33  3:20  Stalker  
  33  3:26  Probe (Chrono Boost)  
  36  3:31  Probe (Chrono Boost)  
  37  3:36  Probe (Chrono Boost)  
  37  3:39  Probe (Chrono Boost)  
  39  3:45  Forge  
  39  3:46  Forge  
  39  3:50  Probe  
  39  3:51  Probe  
  41  4:03  Twilight Council  
  41  4:05  Probe x2  
  41  4:09  Pylon  
  43  4:22  Protoss Ground Weapons Level 1 (Chrono Boost), Protoss Ground Armor Level 1 (Chrono Boost)  
  43  4:27  Probe x2  
  45  4:32  Zealot  
  45  4:33  Stalker, Zealot  
  51  4:40  Assimilator  
  51  4:43  Charge (Chrono Boost), Assimilator  
  45  5:03  Zealot x4  
  49  5:27  Probe (Chrono Boost)  
  49  5:28  Probe (Chrono Boost)  
  51  5:32  Stalker  
  53  5:38  Probe x2 (Chrono Boost)  
  53  5:41  Zealot x3  
  61  5:46  Probe x2  
  63  6:05  Sentry x2  
  67  6:20  Probe  
  67  6:25  Pylon  
  68  6:26  Pylon  
  68  6:29  Pylon  
  68  6:31  Pylon  
  68  6:43  Probe x2  
  70  6:55  Probe  
  71  7:13  Probe x2  
  73  7:25  Probe x2  
  41  8:03  Zealot x4  
  49  8:08  Probe x2 (Chrono Boost)  
  51  8:20  Probe x2 (Chrono Boost)  
  51  8:24  Stalker x4  
  61  8:27  Probe x2 (Chrono Boost)  
  61  8:33  Photon Cannon  
  61  8:37  Probe x2 (Chrono Boost)  
  63  8:45  Photon Cannon  
  63  8:49  Probe x2 (Chrono Boost)  
Show
View Real Time Build Order
Export as new Build Order

wabbajack Zerg 

Build Orders: Hatch First 

Get SALT Encoding   

  12  0:01  Drone  
  13  0:13  Overlord  
  13  0:18  Drone  
  14  0:23  Extractor  
  14  0:24  Drone  
  14  0:33  Drone  
  16  0:36  Drone  
  17  0:55  Hatchery  
  16  0:58  Drone  
  16  1:00  Drone  
  16  1:03  Extractor  
  17  1:09  Drone  
  18  1:21  Spawning Pool  
  18  1:23  Drone  
  18  1:29  Drone  
  19  1:54  Overlord  
  19  2:05  Drone x2  
  19  2:08  Queen  
  23  2:09  Zergling x2  
  24  2:20  Baneling Nest, Zergling x4  
  25  2:33  Metabolic Boost  
  25  2:40  Drone x3  
  25  2:41  Drone  
  29  2:55  Zergling x6  
  32  3:09  Overlord, Extractor  
  31  3:18  Queen  
  33  3:28  Drone x2  
  33  3:29  Drone  
  36  3:35  Baneling x4  
  36  3:57  Overlord  
  36  4:32  Pneumatized Carapace  
  36  4:41  Hatchery  
  31  5:20  Overlord x2  
  29  5:24  Roach Warren, Queen  
  29  5:25  Drone x11  
  29  5:26  Drone x9  
  50  5:35  Hatchery  
  50  5:36  Lair  
  49  5:44  Evolution Chamber  
  49  5:46  Evolution Chamber  
  47  5:52  Extractor  
  47  5:54  Extractor  
  45  6:10  Drone  
  45  6:11  Drone x2  
  48  6:12  Drone x3  
  48  6:17  Drone  
  48  6:18  Drone x9  
  61  6:25  Zergling x6  
  63  6:26  Zergling x4  
  63  6:27  Zergling x2  
  67  6:37  Overlord x2  
  67  6:40  Zerg Missile Weapons Level 1  
  67  6:41  Zerg Ground Armor Level 1  
  67  6:43  Glial Reconstitution  
  67  6:44  Hydralisk Den  
  66  6:55  Roach  
  66  6:56  Roach x9  
  66  6:57  Roach  
  86  7:02  Baneling x2  
  86  7:03  Baneling x2  
  82  7:20  Lurker Den  
  69  7:32  Hydralisk x7  
  69  7:36  Roach  
  79  7:37  Roach x2  
  79  7:41  Ravager  
  49  8:03  Hydralisk x2  
  49  8:21  Hatchery  
  49  8:23  Hydralisk x3  
  54  8:44  Roach x3  
Tags
 
Add a new tag
Caveats
  • Supply blocks, unpowered buildings, or Contaminate may cause inaccurate times.
  • Supply counts are checked every 10 seconds.